 Dungeon Crawl Stone Soup version 0.29-a0-82-g837932c90e (webtiles) character file.

Game seed: 6641250461251728176

24 lordive the Ducker (level 2, -8/16 HPs)
             Began as a Spriggan Abyssal Knight on Feb 4, 2022.
             Was a Follower of Lugonu.
             Killed from afar by Sigmund (13 damage)
             ... with a puff of flame
             ... on level 2 of the Dungeon.
             The game lasted 00:02:00 (1501 turns).

lordive the Ducker (Spriggan Abyssal Knight)        Turns: 1501, Time: 00:02:01

Health: -8/16      AC:  2    Str:  9    XL:     2   Next: 79%
Magic:  4/4        EV: 18    Int: 11    God:    Lugonu [*.....]
Gold:   39         SH:  0    Dex: 15    Spells: 1/1 levels left

rFire   . . .      SeeInvis +   a - +1 short sword
rCold   . . .      Faith    .   (no shield)
rNeg    . . .      Spirit   .   b - +0 robe
rPois   .          Reflect  .   (helmet restricted)
rElec   .          Harm     .   (no cloak)
rCorr   .          Rampage  .   (gloves unavailable)
Will    .....                   (boots unavailable)
Stlth   +.........              (no amulet)
HPRegen 0.05/turn               (no ring)
MPRegen 0.09/turn               (no ring)

@: very quick
A: very small, no large weapons, unfitting armour, see invisible, speed 3
a: Renounce Religion, Depart the Abyss


You were on level 2 of the Dungeon.
You worshipped Lugonu.
Lugonu was aware of your devotion.
You visited 1 branch of the dungeon, and saw 2 of its levels.
You visited the Abyss 1 time.

You collected 39 gold pieces.

Inventory:

Hand Weapons
 a - a +1 short sword (weapon)
Armour
 b - a +0 robe (worn)
Scrolls
 e - a scroll of teleportation {unknown}
 g - a scroll of enchant weapon {unknown}
Potions
 c - a potion of degeneration {unknown}
 d - a potion of attraction {unknown}
 f - 2 potions of cancellation {unknown}


   Skills:
 * Level 2.8 Fighting
 * Level 2.5 Short Blades
 * Level 0.1 Armour
 * Level 3.7 Dodging
 * Level 1.9 Invocations


You had one spell level left.
You didn't know any spells.
Your spell library was empty.

Dungeon Overview and Level Annotations

Branches:
Dungeon (2/15)

Altars:

Annotations:
D:2 Sigmund


Innate Abilities, Weirdness & Mutations

You are very small and have problems with some larger weapons.
You are too small for most types of armour.
You have supernaturally acute eyesight. (SInv)
You cover ground extremely quickly. (Speed+++)


Message History

Lugonu accepts your kill.
An endoplasm comes into view.
The endoplasm quivers.
The endoplasm barely misses you.
You hit the endoplasm but do no damage. The endoplasm barely misses you.
You hit the endoplasm but do no damage.
The endoplasm hits you but does no damage.
You hit the endoplasm.
The endoplasm is lightly wounded.
You hit the endoplasm.
The endoplasm is severely wounded.
The endoplasm barely misses you.
You hit the endoplasm but do no damage.
The endoplasm is severely wounded.
The endoplasm barely misses you.
You hit the endoplasm but do no damage.
The endoplasm is severely wounded.
The endoplasm completely misses you.
You hit the endoplasm.
You kill the endoplasm!
Lugonu accepts your kill.
A worm comes into view.
Found a scroll labelled VYIQUI TALUC.
You hit the worm.
The worm is lightly wounded.
You hit the worm but do no damage.
The worm is lightly wounded.
The worm bites you!
Ouch! That really hurt!
You hit the worm.
The worm is lightly wounded.
You hit the worm.
The worm is lightly wounded.
The worm misses you.
Sigmund shouts!
Sigmund looks at you with fury.
Sigmund zaps a wand.
The puff of flame misses you.
Sigmund zaps a wand.
The puff of flame hits you!
Ouch! That really hurt!
You die...

#.# #####.###########
#...............# #
#.##........###<# ##
#.##..#####.......##.
#.##..########...###.
#.##..#..... ..... .!
#.......@...##...###.
#####@.#.###. ##.##
#< #......#. #.# #.
#w####.# #.# #. #
###.# .# #@ ##.#...#
.# ....... #?...###
.. ..####. #.#..# ##
.# #....# #. #.##.#
#.


You could see Sigmund and a worm.

Vanquished Creatures
  3 endoplasms
  3 giant cockroaches (D:1)
  A hobgoblin (D:1)
  3 kobolds (D:1)
  3 quokkas (D:1)
  3 ball pythons
  A frilled lizard (D:1)
  A goblin (D:1)
  4 rats
22 creatures vanquished.

Notes
Turn   | Place    | Note
-------+----------+-------------------------------------------
     0 | Abyss:1  | lordive the Spriggan Abyssal Knight began the quest for the
                  | Orb.
     0 | Abyss:1  | Reached XP level 1. HP: 11/11 MP: 3/3
     8 | Abyss:1  | Found a corrupted altar of Lugonu.
    44 | Abyss:1  | Noticed an iron imp
    50 | Abyss:1  | Noticed an orange demon
    58 | D:1      | Escaped the Abyss
   440 | D:1      | Reached XP level 2. HP: 16/16 MP: 4/4
   591 | D:1      | Reached * piety under Lugonu
  1090 | D:2      | Noticed Sigmund
  1501 | D:2      | Killed from afar by Sigmund

Illustrated notes

Levels and vault maps discovered:
D:1:      psy_arrival_fountain, layout_basic, palyth_stone_intersect
D:2:      layout_loops_ring, hangedman_abyss_or_decor_lesser_grid, uniq_sigmund,
          uniq_crazy_yiuf_cottage

Action                   || total
-------------------------++-------
Melee: Short sword       ||    80
       Punch             ||     1
Invok: Depart the Abyss  ||     1
 Stab: Sleeping          ||     2
       Distracted        ||     1
Armor: Robe              ||     5
Dodge: Dodged            ||    85

Table legend: (Time is in decaauts)
 A = Elapsed time spent in this place.
 B = Non-inter-level travel time spent in this place.
 C = Inter-level travel time spent in this place.
 D = Time resting spent in this place.
 E = Time spent auto-exploring this place.
 F = Levels seen in this place.
 G = Mean time per level.
                   A        B        C        D        E       F      G
               +--------+--------+--------+--------+--------+-----+--------+
         Total |   1224 |   1191 |     33 |    256 |    734 |   3 |  408.0 |
       Dungeon |   1189 |   1156 |     33 |    256 |    708 |   2 |  594.5 |
         Abyss |     34 |     34 |      0 |      0 |     25 |   1 |   34.0 |
               +--------+--------+--------+--------+--------+-----+--------+

Top non-repeatable levels by time:
     D:1: 1104 daAuts
     D:2: 85 daAuts
 Abyss:1: 34 daAuts
